Map: Augustine Fall LE

Players

Starcrack

  • Race: Zerg Zerg

BounceGX

  • Race: Terran Terran

TurboCarmi

  • Race: Protoss Protoss
  • League: Silver

Thørn - Winner!

  • Race: Protoss Protoss
  • League: Silver

WontonWizard - Winner!

  • Race: Protoss Protoss

Kryptic - Winner!

  • Race: Terran Terran
  • League: Gold

VOD

Have the link to the VOD?

Description

Time

  • Played on: June 1, 2021, 5:57 p.m.
  • Length: 27:19
Show
View Real Time Build Order
Export as new Build Order

Starcrack Zerg 

Build Orders: Pool First 

Get SALT Encoding   

  12  0:00  Drone  
  13  0:08  Drone  
  14  0:17  Overlord  
  14  0:22  Extractor  
  14  0:23  Drone  
  16  0:35  Drone x2  
  17  0:45  Spawning Pool  
  17  0:48  Drone  
  17  0:53  Extractor  
  17  0:56  Drone  
  17  1:15  Hatchery  
  17  1:18  Drone  
  17  1:20  Drone  
  18  1:26  Drone, Extractor  
  18  1:38  Queen  
  20  1:44  Zergling x2  
  21  1:51  Zergling x2  
  22  2:06  Overlord  
  22  2:14  Overlord  
  22  2:17  Metabolic Boost  
  22  2:28  Lair  
  22  2:29  Zergling x2  
  23  2:32  Zergling x2  
  25  2:37  Zergling x2  
  24  2:49  Zergling x4  
  26  2:53  Zergling x2  
  27  2:59  Zergling x4  
  29  3:07  Zergling x2  
  29  3:08  Zergling x2  
  31  3:14  Zergling x2  
  31  3:17  Zergling x2  
  33  3:29  Zergling x6  
  37  3:41  Zergling x4  
  37  3:47  Zergling x4  
  31  4:43  Zergling x10  
  33  4:46  Drone x3  
  35  4:52  Spire  
  34  5:03  Nydus Network  
  34  5:06  Zergling x4  
  35  5:10  Drone x2  
  37  5:19  Queen  
  39  5:28  Zergling x4  
  41  5:48  Baneling Nest  
  40  5:51  Zergling x6  
  40  5:53  Zergling x2  
  44  5:57  Nydus Canal  
  24  6:26  Nydus Network  
  24  6:27  Zergling x10  
  24  6:29  Zergling x4  
  30  6:36  Baneling x2  
  30  6:37  Baneling x2  
  30  6:42  Zergling x2  
  31  6:47  Zergling x2  
  31  6:49  Zergling x2  
  33  7:04  Nydus Canal  
  33  7:06  Zergling x2  
  35  7:08  Zergling x6  
  36  7:40  Zergling x6  
  23  8:01  Queen  
  23  8:04  Drone x2  
  23  8:05  Drone x4  
  31  8:09  Extractor  
  31  8:10  Extractor  
  29  8:31  Zergling x4  
  28  8:48  Mutalisk x3  
  28  8:51  Mutalisk x3  
  40  9:00  Mutalisk  
  42  9:06  Overlord x2  
  43  9:10  Drone  
  31  9:51  Drone x6  
  35  10:16  Mutalisk x3  
  35  10:19  Queen  
  35  10:20  Drone x2  
  39  11:09  Drone x6  
  45  11:16  Drone x3  
  48  11:26  Overseer  
  48  11:56  Mutalisk x2  
  48  11:58  Overlord x3  
  50  12:12  Hatchery  
  41  12:28  Mutalisk x3  
  41  12:29  Mutalisk x2  
  51  13:10  Hatchery  
  50  13:33  Queen  
  53  13:34  Drone  
  53  13:36  Mutalisk x2  
  53  13:37  Mutalisk x6  
  53  13:40  Zergling x6  
  53  13:41  Zergling x6  
  75  13:46  Drone x2  
  71  14:10  Zerg Flyer Weapons Level 1  
  71  14:12  Mutalisk  
  71  14:13  Mutalisk x3  
  79  14:29  Queen  
  79  14:30  Drone  
  82  14:45  Drone x2  
  84  14:53  Overlord x2  
  84  14:54  Overlord  
  84  14:55  Overlord  
  50  15:31  Drone x3  
  50  15:34  Extractor x2  
  51  15:40  Drone x2  
  51  15:41  Drone x3  
  56  16:05  Drone x4  
  60  16:13  Drone  
  60  16:15  Drone x4  
  60  16:16  Drone x2  
  67  16:21  Extractor  
  67  16:22  Extractor  
  67  16:23  Mutalisk x3  
  67  16:24  Mutalisk x5  
  81  16:51  Zerg Flyer Weapons Level 2  
  81  16:52  Mutalisk  
  81  16:53  Mutalisk x5  
  93  16:55  Zergling x6  
  93  16:58  Overlord  
  93  16:59  Overlord x2  
  93  17:00  Zergling x6  
  99  17:04  Drone x4  
  99  17:05  Drone  
  101  17:41  Infestation Pit  
  100  17:45  Mutalisk x5  
  110  18:04  Overseer  
  110  18:08  Overseer  
  79  18:50  Mutalisk  
  79  18:51  Mutalisk x6  
  79  18:53  Queen, Drone x3  
  98  19:03  Drone x3  
  85  20:07  Mutalisk  
  85  20:08  Mutalisk x7  
  85  20:12  Mutalisk x3  
  108  20:14  Zergling x10  
  108  20:16  Zergling x6  
  114  20:34  Zergling x2  
  114  20:35  Zergling x8  
  117  20:56  Drone x3  
  111  21:56  Mutalisk x4  
  111  21:58  Overlord  
  111  21:59  Overlord x4  
  119  22:03  Baneling x3  
  119  22:04  Baneling x8  
  119  22:05  Baneling x9  
  119  22:06  Baneling x3  
  119  22:07  Centrifical Hooks  
  54  23:11  Drone x3  
  57  23:13  Drone x2  
  46  23:46  Mutalisk x5  
  56  23:49  Overlord x3  
  56  23:57  Zergling x6  
  59  24:05  Zergling x2  
  60  24:10  Hatchery  
  60  24:12  Hive  
  59  24:31  Zergling x8  
  61  24:34  Zergling x4  
  61  24:35  Zergling x8  
  61  24:48  Drone x3  
  64  25:11  Mutalisk  
  64  25:12  Mutalisk x5  
  76  25:15  Mutalisk x4  
  76  25:17  Zergling x2  
  76  25:19  Queen, Zergling x4  
  89  25:52  Zergling x6  
  92  26:16  Baneling x7  
  92  26:17  Baneling x7  
  92  26:18  Baneling x7  
  92  26:19  Baneling x7  
  92  26:21  Zergling x4  
  92  26:22  Zergling x2  
  92  26:25  Zergling x6  
  98  26:26  Zergling x6  
Show
View Real Time Build Order
Export as new Build Order

BounceGX Terran 

Build Orders: Mech 

Get SALT Encoding   

  12  0:00  SCV  
  13  0:12  SCV  
  14  0:17  Supply Depot  
  14  0:24  SCV  
  15  0:29  Refinery  
  15  0:39  SCV  
  16  0:49  Barracks  
  16  0:51  SCV  
  17  1:00  Refinery  
  17  1:03  SCV  
  18  1:15  SCV  
  19  1:21  Supply Depot  
  19  1:27  SCV  
  20  1:39  SCV  
  21  1:50  Reaper  
  21  1:51  SCV  
  23  2:00  Supply Depot  
  23  2:04  Supply Depot  
  23  2:08  Orbital Command  
  23  2:22  Marine  
  24  2:38  SCV  
  24  2:39  Command Center  
  25  2:50  SCV  
  26  2:53  Marine  
  27  3:11  Marine  
  28  3:29  Marine  
  28  3:42  SCV  
  28  3:47  Refinery  
  28  3:48  Marine  
  30  3:54  SCV  
  31  3:57  Factory  
  31  4:00  Supply Depot  
  31  4:06  Marine, SCV  
  33  4:15  Barracks  
  33  4:19  SCV x2  
  33  4:23  Marine  
  36  4:26  Refinery  
  36  4:31  SCV x2  
  38  4:41  Marine  
  38  4:43  SCV  
  38  4:44  SCV  
  41  4:45  Factory Tech Lab  
  41  4:52  Factory  
  41  4:55  SCV  
  41  4:56  SCV  
  41  4:57  Armory  
  43  5:07  Armory, SCV  
  45  5:14  SCV  
  45  5:19  SCV  
  46  5:26  SCV  
  47  5:32  SCV  
  51  5:35  Siege Tank  
  51  5:38  SCV  
  51  5:39  Marine  
  51  5:41  Factory Tech Lab  
  53  5:44  SCV  
  53  5:47  Factory  
  54  5:56  Marine, Starport, SCV  
  56  6:00  Terran Vehicle Weapons Level 1  
  56  6:02  Terran Vehicle And Ship Armor Level 1  
  56  6:07  Supply Depot, Siege Tank  
  56  6:08  SCV  
  56  6:09  Barracks Tech Lab  
  60  6:12  Siege Tank  
  60  6:15  SCV  
  64  6:20  Marine  
  65  6:27  SCV  
  65  6:29  Stimpack  
  65  6:31  SCV  
  67  6:38  Marine, Factory Tech Lab  
  67  6:39  SCV  
  72  6:40  Siege Tank  
  72  6:42  Starport  
  72  6:43  SCV  
  72  6:44  Siege Tank  
  72  6:46  Starport  
  76  6:51  SCV  
  77  6:56  Marine  
  78  7:25  Command Center  
  78  7:52  Marine  
  78  7:53  Viking  
  78  7:56  Siege Tank  
  76  7:58  Siege Tank  
  76  8:02  Siege Tank  
  74  8:09  Marine  
  72  8:15  Viking  
  72  8:16  Viking  
  76  8:20  Marine  
  76  8:23  Combat Shield  
  77  8:27  Marine  
  77  8:31  Starport  
  78  8:37  Marine, Thor, Siege Tank x2, Viking  
  93  8:49  Supply Depot  
  93  8:53  Supply Depot  
  93  8:54  Supply Depot  
  93  8:55  Supply Depot  
  93  9:10  Marine, Viking x2  
  93  9:11  SCV x3  
  93  9:15  Marine, Supply Depot, Viking  
  104  9:23  SCV x3  
  104  9:24  Starport Reactor  
  107  9:30  Thor x2  
  119  9:35  Supply Depot, SCV x2  
  121  9:40  Viking x2  
  121  9:41  Marine  
  121  9:42  Marine  
  121  9:45  Viking  
  129  9:59  Fusion Core  
  129  10:10  Viking x2  
  133  10:15  Thor  
  139  10:32  Refinery  
  139  10:35  Refinery  
  133  11:28  SCV x2  
  128  11:40  SCV x2  
  103  12:41  SCV x3  
  106  12:49  Viking x4  
  106  12:50  Viking  
  116  12:53  Thor x2, SCV x2  
  116  12:56  Command Center, Siege Tank  
  127  13:19  Viking x4  
  135  13:20  Viking  
  134  13:28  Siege Tank  
  137  13:49  Viking x2  
  137  13:50  Thor  
  138  14:00  Siege Tank  
  141  14:07  Thor  
  147  14:16  Marine x2  
  149  14:19  Viking x2  
  149  14:20  Viking  
  155  14:29  Supply Depot  
  155  14:30  Supply Depot  
  155  14:32  Supply Depot  
  155  14:34  Marine  
  155  14:37  Supply Depot  
  156  14:40  Supply Depot  
  156  14:51  Marine, Viking x3  
  156  14:52  Siege Tank x3  
  172  14:53  Marine, Viking  
  145  15:24  Siege Tank  
  120  16:12  Viking x4  
  120  16:13  Viking  
  120  16:16  Siege Tank x2  
  136  16:19  Siege Tank  
  136  16:24  Supply Depot  
  139  16:42  Viking x4  
  147  16:56  Refinery  
  147  17:14  Refinery  
  147  17:20  Siege Tank x3  
  156  17:52  Siege Tank x2  
  162  18:02  Siege Tank  
  165  18:24  Siege Tank x2  
  171  18:34  Siege Tank  
  93  20:27  Starport Tech Lab  
  93  20:32  Starport Tech Lab  
  93  20:35  Viking x2  
  97  20:38  Siege Tank x3  
  106  20:42  Starport Tech Lab  
  106  21:05  Viking x2  
  106  21:06  SCV x2  
  106  21:07  SCV x2  
  106  21:10  Siege Tank x3  
  123  21:12  Command Center  
  123  21:18  SCV x2  
  124  21:19  SCV x2  
  127  21:28  Refinery  
  127  21:31  Refinery  
  127  21:35  Battlecruiser x2  
  127  21:36  Battlecruiser  
  145  21:40  Viking  
  146  22:39  Battlecruiser  
  146  22:40  Battlecruiser  
  123  22:50  Battlecruiser  
  121  22:58  Viking x2  
  125  23:14  SCV x2  
  125  23:15  SCV  
  125  23:16  SCV  
  129  23:27  SCV x3  
  128  23:28  Viking x2  
  128  23:35  SCV  
  128  23:39  SCV x3  
  119  23:44  Battlecruiser x2  
  119  23:47  SCV  
  126  23:54  Battlecruiser  
  98  24:30  Siege Tank x2  
  93  24:48  Battlecruiser  
  99  24:55  SCV  
  100  25:04  SCV x2  
  97  25:07  SCV  
  96  25:16  SCV x2  
  96  25:19  SCV  
Show
View Real Time Build Order
Export as new Build Order

TurboCarmi Protoss 

Build Orders: 1 Gate Expand, Nexus First 

Get SALT Encoding   

  12  0:00  Probe  
  13  0:15  Pylon  
  13  0:31  Probe  
  14  0:37  Gateway  
  14  1:03  Nexus  
  14  1:17  Assimilator  
  14  1:21  Assimilator  
  14  1:29  Cybernetics Core  
  14  1:32  Probe (Chrono Boost)  
  15  1:42  Probe (Chrono Boost)  
  15  1:47  Probe (Chrono Boost)  
  17  1:58  Gateway, Probe  
  17  1:59  Warp Gate (Chrono Boost)  
  18  2:13  Probe (Chrono Boost)  
  18  2:15  Probe (Chrono Boost)  
  21  2:25  Probe (Chrono Boost)  
  21  2:26  Probe (Chrono Boost)  
  21  2:29  Probe (Chrono Boost)  
  22  2:36  Gateway  
  23  2:40  Pylon  
  23  2:58  Twilight Council  
  23  3:20  Nexus  
  25  3:31  Charge (Chrono Boost)  
  23  3:36  Zealot x2  
  27  3:44  Pylon  
  27  3:54  Gateway  
  27  4:04  Gateway  
  27  4:09  Probe x2  
  29  4:25  Robotics Facility  
  29  4:32  Stalker  
  29  4:34  Stalker  
  29  4:37  Probe (Chrono Boost)  
  35  4:45  Probe (Chrono Boost)  
  35  4:52  Stalker  
  38  4:53  Probe (Chrono Boost)  
  38  4:56  Stalker  
  40  5:04  Shield Battery  
  40  5:06  Shield Battery  
  40  5:12  Pylon  
  40  5:21  Shield Battery  
  40  5:24  Stalker  
  40  5:27  Stalker  
  44  5:48  Forge  
  44  5:53  Assimilator  
  44  5:55  Assimilator  
  44  5:57  Pylon  
  44  6:00  Shield Battery  
  40  6:21  Stalker  
  40  6:22  Stalker x3  
  40  6:23  Protoss Ground Weapons Level 1 (Chrono Boost), Stalker  
  50  6:35  Probe x3  
  53  6:45  Stalker  
  55  6:48  Stalker  
  57  6:58  Probe x3  
  60  7:06  Stalker  
  62  7:10  Probe  
  62  7:14  Gateway  
  63  7:17  Gateway  
  55  7:33  Stalker  
  55  7:34  Stalker x2  
  55  7:35  Stalker  
  51  7:39  Stalker  
  34  7:58  Stalker x2  
  34  7:59  Stalker x2  
  42  8:09  Stalker  
  42  8:10  Stalker  
  38  8:14  Stalker  
  34  8:24  Stalker  
  34  8:25  Stalker  
  35  8:32  Stalker x2  
  35  8:39  Stalker  
  37  8:48  Stalker  
  39  8:50  Stalker  
  41  8:56  Zealot  
  41  9:00  Zealot  
  45  9:05  Zealot  
  47  9:10  Zealot  
  47  9:15  Zealot  
  51  9:19  Zealot  
  53  9:39  Stalker x2  
  53  9:40  Stalker  
  59  9:49  Zealot x2  
  63  9:57  Zealot  
  63  9:58  Zealot  
  67  10:11  Stalker x2  
  71  10:26  Stalker x2  
  75  10:30  Stalker  
  53  11:14  Stalker x2  
  53  11:15  Stalker x4  
  67  11:18  Probe (Chrono Boost)  
  67  11:23  Probe (Chrono Boost)  
  67  11:24  Probe (Chrono Boost)  
  58  12:47  Stalker x2  
  58  12:48  Stalker  
  58  12:49  Stalker  
  58  12:50  Stalker x2  
  58  12:51  Stalker  
  62  13:40  Stalker x5  
  62  13:41  Stalker x2  
  52  14:12  Stalker x2  
  52  14:13  Stalker x5  
  50  14:17  Probe  
  49  14:24  Probe x2  
  49  14:29  Probe  
  52  14:36  Probe x2  
  54  14:41  Probe  
  55  14:48  Probe x2  
  55  14:49  Stalker x2  
  55  14:50  Stalker x3  
  67  14:54  Probe  
  68  15:00  Probe x2  
  68  15:06  Probe  
  71  15:07  Gateway  
  71  15:09  Gateway  
  71  15:12  Probe  
  56  15:36  Stalker x3  
  56  15:37  Stalker x4  
  56  15:41  Probe x3  
  67  15:53  Probe x2  
  67  15:56  Probe  
  68  16:05  Probe x2  
  68  16:08  Probe  
  71  16:17  Probe  
  72  16:18  Stalker x2  
  72  16:19  Stalker  
  72  16:21  Stalker  
  80  16:26  Probe x2  
  80  16:27  Nexus  
  80  16:29  Probe  
  83  16:35  Pylon  
  83  16:36  Pylon  
  83  16:38  Probe, Pylon  
  84  16:50  Pylon  
  84  16:59  Pylon  
  84  17:02  Assimilator  
  84  17:04  Zealot  
  84  17:05  Zealot x3  
  84  17:06  Zealot x2  
  84  17:07  Zealot, Assimilator  
  98  17:23  Stalker x2  
  98  17:25  Stalker x2  
  106  17:44  Robotics Facility  
  106  17:48  Robotics Facility  
  106  17:54  Stalker x3  
  106  17:55  Stalker x3  
  118  18:13  Robotics Facility  
  62  20:14  Zealot x3  
  62  20:15  Zealot x3  
  62  20:17  Zealot  
  62  20:18  Zealot x2  
  80  20:23  Immortal x3 (Chrono Boost)  
  92  20:38  Zealot x3  
  92  20:39  Zealot x3  
  92  20:40  Zealot  
  106  20:52  Immortal x2 (Chrono Boost)  
  106  20:55  Pylon  
  106  20:56  Pylon  
  114  20:58  Pylon  
  114  21:02  Pylon x2  
  114  21:04  Pylon  
  114  21:05  Zealot x4  
  114  21:06  Zealot x4  
  114  21:07  Zealot  
  132  21:21  Protoss Ground Weapons Level 2 (Chrono Boost)  
  132  21:28  Immortal (Chrono Boost)  
  132  21:29  Immortal x2 (Chrono Boost)  
  144  21:46  Zealot x5  
  154  21:47  Zealot x4  
  162  21:59  Probe (Chrono Boost)  
  162  22:00  Immortal  
  168  22:09  Probe (Chrono Boost)  
  168  22:14  Probe (Chrono Boost)  
  145  22:25  Probe  
  77  22:48  Zealot x2  
  77  22:49  Zealot x2  
  77  22:50  Zealot x3  
  77  22:51  Zealot x2  
  86  23:12  Probe (Chrono Boost)  
  87  23:18  Immortal  
  91  23:22  Probe (Chrono Boost)  
  90  23:27  Probe (Chrono Boost)  
  90  23:31  Observer x2  
  93  23:38  Probe  
  93  23:52  Observer  
  93  23:53  Zealot x3  
  93  23:54  Zealot x3  
  93  23:55  Zealot  
  106  24:25  Zealot  
  106  24:27  Stalker x3  
  114  24:43  Stalker  
  108  25:03  Stalker x2  
  70  25:34  Zealot x2  
  70  25:35  Zealot  
Show
View Real Time Build Order
Export as new Build Order

Thørn Protoss - Winner!

Build Orders:  

Get SALT Encoding   

  12  0:00  Probe  
  13  0:26  Probe (Chrono Boost), Pylon  
  15  0:35  Probe (Chrono Boost)  
  15  0:44  Gateway  
  15  0:50  Assimilator  
  15  0:51  Probe  
  16  1:16  Probe  
  17  1:21  Gateway  
  17  1:28  Probe  
  17  1:31  Cybernetics Core  
  18  1:40  Probe  
  18  1:42  Pylon  
  19  1:47  Assimilator  
  19  1:52  Probe  
  20  2:10  Adept (Chrono Boost)  
  20  2:12  Warp Gate  
  24  2:17  Adept (Chrono Boost)  
  24  2:34  Adept (Chrono Boost)  
  26  2:40  Adept, Pylon  
  28  3:16  Probe, Nexus  
  28  3:18  Pylon  
  29  3:20  Pylon  
  29  3:28  Probe  
  30  3:50  Gateway  
  30  4:28  Twilight Council  
  30  4:29  Pylon  
  30  4:49  Adept  
  30  4:50  Adept x2  
  36  5:10  Resonating Glaives (Chrono Boost)  
  37  5:21  Probe (Chrono Boost)  
  37  5:22  Probe (Chrono Boost)  
  38  5:31  Probe (Chrono Boost)  
  38  5:32  Probe (Chrono Boost)  
  40  5:36  Probe x2 (Chrono Boost)  
  40  5:38  Pylon  
  40  5:41  Pylon  
  42  5:47  Probe  
  42  5:48  Probe  
  42  6:12  Gateway  
  42  6:21  Adept  
  42  6:22  Adept x2  
  48  6:31  Gateway  
  48  6:35  Forge  
  48  6:59  Adept  
  48  7:00  Adept x2  
  54  7:08  Shield Battery  
  54  7:09  Shield Battery  
  54  7:12  Shield Battery  
  38  7:34  Adept x3  
  38  7:35  Adept x2  
  19  8:07  Adept  
  19  8:08  Adept x4  
  29  8:25  Nexus  
  29  8:42  Adept  
  29  8:43  Adept x3  
  29  8:44  Adept  
  39  8:50  Gateway  
  39  8:52  Pylon  
  39  8:54  Probe (Chrono Boost)  
  40  9:05  Probe (Chrono Boost)  
  41  9:50  Probe (Chrono Boost)  
  41  9:51  Probe (Chrono Boost)  
  45  10:00  Probe x2 (Chrono Boost)  
  45  10:05  Probe x2 (Chrono Boost)  
  47  10:16  Probe (Chrono Boost)  
  47  10:18  Probe (Chrono Boost)  
  51  10:28  Probe (Chrono Boost)  
  51  10:33  Probe (Chrono Boost)  
  51  10:35  Probe (Chrono Boost)  
  52  10:37  Stargate  
  52  10:40  Probe  
  47  10:52  Probe  
  34  11:17  Stargate  
  34  11:20  Pylon  
  34  11:32  Stalker x3  
  40  11:54  Void Ray x2 (Chrono Boost)  
  48  12:16  Assimilator  
  48  12:20  Assimilator  
  48  12:21  Void Ray x2 (Chrono Boost)  
  56  12:48  Void Ray x2 (Chrono Boost)  
  64  13:02  Probe x2  
  66  13:14  Probe x2  
  68  13:26  Probe x2  
  46  14:10  Phoenix (Chrono Boost)  
  46  14:11  Phoenix (Chrono Boost)  
  51  14:17  Probe (Chrono Boost)  
  51  14:22  Probe (Chrono Boost)  
  52  14:27  Phoenix x2 (Chrono Boost)  
  52  14:28  Probe (Chrono Boost)  
  58  14:31  Probe (Chrono Boost)  
  58  14:32  Probe (Chrono Boost)  
  59  15:02  Phoenix x2 (Chrono Boost)  
  63  15:18  Phoenix x2 (Chrono Boost)  
  67  16:12  Phoenix (Chrono Boost)  
  67  16:13  Phoenix (Chrono Boost)  
  71  16:30  Nexus  
  71  16:32  Pylon  
  71  16:35  Phoenix (Chrono Boost), Pylon  
  71  16:36  Phoenix (Chrono Boost)  
  75  16:44  Cybernetics Core  
  75  16:52  Phoenix x2, Protoss Air Weapons Level 1  
  79  17:05  Nexus  
  79  17:07  Pylon  
  78  17:30  Phoenix x2  
  82  17:41  Pylon  
  82  17:42  Pylon  
  82  17:55  Phoenix x2  
  86  18:01  Probe x2  
  86  18:02  Nexus  
  86  18:03  Probe, Pylon  
  89  18:16  Probe x2 (Chrono Boost)  
  89  18:17  Probe (Chrono Boost)  
  89  18:19  Probe (Chrono Boost)  
  93  18:20  Phoenix  
  96  18:27  Probe (Chrono Boost)  
  96  18:32  Probe (Chrono Boost)  
  70  18:44  Protoss Air Armor Level 1  
  57  19:56  Pylon  
  57  20:00  Pylon  
  57  20:05  Pylon  
  57  20:07  Pylon  
  57  20:10  Pylon  
  57  20:30  Fleet Beacon  
  57  20:41  Assimilator, Probe (Chrono Boost)  
  58  20:45  Assimilator  
  59  20:51  Probe (Chrono Boost)  
  59  20:52  Nexus, Pylon  
  59  20:55  Pylon  
  59  20:57  Void Ray x2 (Chrono Boost)  
  59  21:00  Nexus  
  59  21:01  Pylon  
  59  21:03  Pylon  
  50  21:39  Carrier x2 (Chrono Boost)  
  62  21:55  Stargate  
  62  21:57  Stargate  
  74  22:44  Carrier x2 (Chrono Boost)  
  84  23:06  Carrier x2 (Chrono Boost)  
  78  23:41  Carrier  
  84  24:03  Carrier  
  90  24:17  Probe (Chrono Boost)  
  91  24:27  Probe (Chrono Boost)  
  91  24:32  Probe (Chrono Boost)  
  91  24:43  Probe  
  98  24:53  Carrier (Chrono Boost)  
  98  24:55  Probe  
  103  25:14  Carrier (Chrono Boost)  
  103  25:19  Carrier x2 (Chrono Boost)  
Show
View Real Time Build Order
Export as new Build Order

WontonWizard Protoss - Winner!

Build Orders:  

Get SALT Encoding   

  12  0:00  Probe (Chrono Boost)  
  13  0:10  Probe (Chrono Boost)  
  14  0:18  Pylon  
  14  0:22  Probe  
  15  0:36  Probe  
  15  0:38  Assimilator  
  16  0:48  Probe  
  17  0:51  Gateway  
  17  0:57  Assimilator  
  17  1:00  Probe (Chrono Boost)  
  19  1:13  Probe (Chrono Boost)  
  19  1:15  Pylon  
  19  1:18  Probe (Chrono Boost)  
  20  1:27  Probe  
  21  1:39  Probe  
  22  1:41  Cybernetics Core  
  22  1:51  Probe  
  23  1:59  Nexus  
  23  2:04  Probe  
  23  2:08  Zealot (Chrono Boost)  
  26  2:21  Stargate  
  26  2:30  Assimilator  
  26  2:33  Assimilator  
  26  2:43  Stargate  
  26  2:48  Probe  
  27  3:00  Probe, Pylon  
  28  3:11  Pylon  
  28  3:12  Probe  
  29  3:15  Probe  
  30  3:22  Void Ray (Chrono Boost)  
  30  3:24  Probe  
  31  3:27  Probe  
  36  3:39  Probe (Chrono Boost)  
  36  3:40  Gateway, Warp Gate (Chrono Boost)  
  37  3:51  Probe (Chrono Boost), Void Ray  
  38  3:56  Probe (Chrono Boost)  
  43  4:06  Probe  
  44  4:18  Probe  
  30  4:45  Probe  
  30  4:48  Probe, Void Ray x2  
  30  4:58  Probe  
  38  5:00  Gateway, Probe  
  38  5:11  Probe (Chrono Boost)  
  38  5:12  Probe (Chrono Boost)  
  40  5:24  Probe (Chrono Boost)  
  40  5:28  Probe (Chrono Boost)  
  42  5:30  Probe (Chrono Boost)  
  42  5:34  Probe  
  44  5:38  Probe  
  44  5:39  Void Ray x2  
  45  5:46  Probe  
  54  5:51  Probe  
  55  6:00  Gateway  
  55  6:03  Probe (Chrono Boost)  
  56  6:13  Probe (Chrono Boost)  
  56  6:15  Protoss Air Weapons Level 1  
  56  6:17  Probe (Chrono Boost)  
  57  6:19  Void Ray  
  62  6:30  Pylon  
  62  6:31  Pylon  
  62  6:32  Pylon  
  62  6:47  Void Ray  
  62  6:49  Probe (Chrono Boost)  
  62  6:50  Probe (Chrono Boost)  
  68  6:58  Gateway  
  68  6:59  Probe (Chrono Boost)  
  70  7:01  Probe (Chrono Boost)  
  70  7:09  Probe  
  71  7:16  Fleet Beacon  
  71  7:22  Probe  
  72  7:34  Probe  
  65  8:53  Void Ray x2  
  73  9:09  Flux Vanes  
  73  9:22  Nexus  
  73  9:24  Assimilator  
  73  9:25  Assimilator  
  73  9:30  Void Ray  
  73  9:32  Void Ray  
  81  10:02  Cybernetics Core  
  81  10:10  Protoss Air Armor Level 1  
  81  10:20  Void Ray  
  81  10:28  Void Ray  
  85  10:32  Pylon  
  85  10:33  Pylon  
  85  10:34  Pylon x2  
  49  10:59  Gateway  
  49  11:00  Gateway  
  49  11:02  Gateway  
  49  11:05  Gateway  
  49  11:06  Gateway  
  49  11:12  Probe (Chrono Boost)  
  49  11:17  Void Ray x2  
  50  11:20  Pylon  
  50  11:22  Probe (Chrono Boost), Pylon  
  59  11:27  Probe (Chrono Boost)  
  60  11:34  Twilight Council  
  60  11:39  Probe  
  61  11:40  Robotics Facility  
  61  11:51  Probe  
  58  12:15  Void Ray x2  
  54  12:18  Dark Shrine  
  62  12:27  Zealot, Charge (Chrono Boost)  
  62  12:28  Zealot x3  
  62  12:29  Zealot x4  
  78  12:30  Zealot x2  
  82  12:38  Warp Prism  
  84  12:50  Probe (Chrono Boost)  
  85  13:00  Probe (Chrono Boost)  
  85  13:05  Probe (Chrono Boost)  
  87  13:17  Probe  
  88  13:29  Probe  
  88  13:30  Shadow Stride  
  89  13:50  Dark Templar x2  
  89  13:51  Dark Templar x2  
  97  14:01  Void Ray  
  97  14:02  Void Ray  
  99  14:32  Warp Prism  
  101  14:38  Void Ray  
  101  14:39  Void Ray  
  101  14:40  Blink (Chrono Boost)  
  109  14:49  Forge  
  109  14:53  Pylon  
  109  14:56  Pylon  
  109  14:59  Pylon  
  69  15:37  Zealot x3  
  69  15:38  Zealot x5  
  69  15:39  Zealot x2  
  67  16:19  Warp Prism (Chrono Boost)  
  69  16:31  Void Ray x2  
  77  16:42  Protoss Ground Weapons Level 1  
  77  16:47  Stalker  
  77  16:48  Stalker x3  
  77  16:49  Stalker x4  
  77  16:50  Stalker x2  
  97  17:10  Gateway  
  97  17:45  Dark Templar x3  
  97  18:42  Dark Templar  
  97  18:44  Dark Templar  
  97  18:45  Dark Templar x6  
  97  18:46  Dark Templar x3  
  55  19:58  Stalker x5  
  55  19:59  Stalker x4  
  73  20:00  Stalker  
  75  20:41  Archon  
  75  20:42  Archon x3  
  75  20:46  Archon  
  75  20:54  Zealot  
  75  20:55  Zealot x4  
  75  20:56  Zealot x2  
  75  20:57  Zealot x3  
  77  21:27  Dark Templar x3  
  77  21:28  Dark Templar  
  75  21:35  Nexus  
  75  21:36  Dark Templar  
  75  21:37  Dark Templar x2  
  75  21:38  Dark Templar  
  37  23:08  Archon  
  33  23:28  Stalker x3  
  33  23:29  Stalker x3  
  33  23:30  Stalker x3  
  33  23:31  Stalker  
  51  23:40  Pylon x2  
  51  23:52  Protoss Ground Armor Level 1  
  51  24:02  Pylon  
  51  24:04  Pylon  
  51  24:45  Stalker x6  
  59  24:46  Stalker x5  
  73  24:56  Gateway  
  73  24:57  Gateway  
  73  25:00  Gateway x2  
  73  25:03  Gateway  
  73  25:05  Gateway  
  73  25:57  Nexus  
  73  26:01  Assimilator  
  73  26:02  Assimilator  
Show
View Real Time Build Order
Export as new Build Order

Kryptic Terran - Winner!

Build Orders:  

Get SALT Encoding   

  12  0:00  SCV  
  13  0:12  SCV  
  14  0:19  Supply Depot  
  14  0:25  SCV  
  15  0:40  SCV  
  15  0:41  Barracks  
  16  0:52  SCV  
  17  1:05  SCV  
  17  1:09  Barracks  
  18  1:17  SCV  
  19  1:22  Refinery  
  19  1:29  Marine, SCV  
  21  1:40  Command Center  
  21  1:51  Orbital Command  
  21  1:54  Marine  
  22  1:58  Marine  
  23  2:13  Barracks Reactor, Barracks  
  23  2:18  Barracks Tech Lab  
  23  2:29  Supply Depot  
  23  2:37  Refinery  
  23  2:50  Marine  
  23  2:51  Marine x2, Supply Depot, SCV  
  25  2:54  Combat Shield  
  27  3:03  Orbital Command  
  27  3:08  Marine  
  27  3:11  Barracks Reactor  
  28  3:13  SCV  
  28  3:16  Marine  
  30  3:25  SCV  
  31  3:28  SCV  
  32  3:37  SCV  
  32  3:38  Marine x3  
  32  3:40  SCV  
  37  3:45  Factory  
  37  3:49  Marine x2  
  39  3:56  Marine  
  39  3:59  Orbital Command  
  38  4:05  Marine x2  
  38  4:06  Marine  
  39  4:15  Marine x2  
  41  4:19  Stimpack  
  41  4:23  Marine  
  42  4:27  SCV  
  42  4:29  SCV  
  44  4:32  Factory Reactor  
  44  4:41  Starport  
  44  4:42  Marine  
  44  4:43  Marauder  
  47  4:52  SCV  
  48  4:56  Marine x2  
  48  4:58  SCV  
  51  5:04  Marauder, SCV  
  54  5:10  Supply Depot  
  54  5:14  Engineering Bay  
  54  5:18  Supply Depot  
  54  5:28  Factory Tech Lab  
  54  5:32  SCV x2  
  54  5:33  Marine x3  
  54  5:34  Marine  
  60  5:44  SCV x2  
  60  5:49  Marine  
  63  5:51  Siege Tank  
  63  5:52  Medivac  
  63  5:53  Medivac  
  70  6:00  Concussive Shells  
  70  6:10  SCV  
  69  6:14  Marine  
  69  6:15  Marine x3, Marauder  
  58  6:25  Supply Depot  
  58  6:32  Marine  
  58  6:33  Marine, SCV  
  58  6:36  Marauder  
  63  6:44  Command Center  
  63  6:45  SCV  
  63  6:46  Marine  
  65  6:58  Marauder  
  65  6:59  Marine x2  
  69  7:02  SCV x2  
  71  7:15  SCV  
  72  7:19  Marauder  
  72  7:20  Supply Depot  
  74  7:26  Sensor Tower  
  74  7:35  SCV  
  75  7:38  SCV  
  75  7:40  Marauder  
  75  7:42  Supply Depot, Engineering Bay  
  78  7:46  Armory  
  78  7:47  SCV, Terran Infantry Weapons Level 1  
  79  8:00  Orbital Command  
  79  8:02  Marauder  
  79  8:05  Marine x2  
  83  8:06  Marine x2  
  85  8:15  Barracks, SCV  
  85  8:16  Barracks  
  86  8:20  Refinery  
  86  8:23  Marine x2, Marauder  
  89  8:39  SCV  
  87  8:45  Marauder  
  87  8:46  Marine x4  
  93  8:55  Orbital Command  
  93  9:01  Terran Infantry Armor Level 1  
  93  9:03  Terran Vehicle Weapons Level 1, Siege Tank  
  93  9:04  Marine x3  
  93  9:05  Barracks Reactor  
  93  9:06  Barracks Reactor, Marauder  
  101  9:16  Marine  
  102  9:22  Marine x3  
  105  9:27  Marauder  
  107  9:34  Marine  
  108  9:39  Marine  
  108  9:40  Marine  
  101  9:49  Marine x2, Marauder  
  100  9:53  SCV  
  100  9:57  Refinery  
  99  10:05  SCV  
  99  10:06  Supply Depot  
  100  10:10  Marauder  
  102  10:14  Thor  
  102  10:16  Barracks x2  
  109  10:21  Factory, SCV  
  109  10:28  Marine x5  
  114  10:32  Marauder  
  114  10:33  SCV  
  117  10:38  Command Center  
  117  10:41  Refinery  
  117  10:47  Supply Depot, SCV  
  117  10:48  Marine x2  
  117  10:49  Marine, Supply Depot  
  121  10:50  Supply Depot  
  121  10:52  Medivac x2  
  125  11:05  Refinery  
  125  11:09  Marauder, SCV x2  
  125  11:10  Missile Turret x2  
  129  11:12  Supply Depot, Missile Turret  
  129  11:14  Missile Turret x2  
  129  11:15  Supply Depot  
  129  11:16  Missile Turret x2  
  129  11:19  Missile Turret  
  129  11:25  Barracks Reactor x2  
  129  11:27  Factory Tech Lab  
  129  11:31  Marauder, Missile Turret  
  131  11:33  Missile Turret  
  109  12:05  Siege Tank  
  112  12:09  Marine  
  112  12:10  Marine x3, Marauder  
  112  12:11  Marine  
  80  12:25  Marine x2  
  80  12:26  Marine  
  76  12:31  Marauder  
  65  12:53  Marauder  
  67  12:58  Marine  
  55  13:13  Marine x3  
  55  13:14  Marauder  
  55  13:16  Siege Tank  
  55  13:17  Siege Tank  
  66  13:22  Supply Depot  
  66  13:24  Supply Depot  
  39  13:37  Marine  
  39  13:38  Marine x3  
  38  13:45  Supply Depot  
  34  14:06  Marine, Medivac x2  
  34  14:07  Marine  
  40  14:14  SCV  
  41  14:35  Marine x3  
  41  14:36  Marine x5, Medivac x2  
  41  14:37  Marine, SCV  
  55  14:38  Terran Infantry Weapons Level 2  
  55  14:39  Terran Infantry Armor Level 2  
  55  14:49  SCV  
  55  14:52  Marine x2  
  57  14:53  Marine  
  59  15:01  Terran Vehicle Weapons Level 2  
  59  15:02  Supply Depot x2, Barracks  
  43  15:25  Marine x2, Supply Depot, Marauder  
  43  15:26  Supply Depot, Siege Tank x2  
  38  15:38  SCV  
  39  15:47  Marauder  
  41  15:50  SCV, Missile Turret  
  42  16:04  Siege Tank x2  
  42  16:05  Marine x2  
  50  16:24  Medivac x2  
  50  16:25  Marine x2  
  56  16:27  SCV  
  57  16:43  Marine  
  57  16:44  Marine  
  59  16:49  Marine  
  59  16:50  Marine  
  61  16:54  Marine x2  
  61  16:55  Marine x3  
  66  17:01  Medivac x2  
  70  17:18  Marine  
  70  17:19  Marauder  
  73  17:23  SCV  
  74  17:31  Medivac x2, Orbital Command  
  74  17:36  Marine  
  74  17:37  Marine  
  80  17:45  Supply Depot  
  80  17:47  Marine  
  80  17:48  Marauder  
  83  17:52  SCV  
  84  18:04  SCV  
  85  18:22  Marine x5  
  85  18:23  Marine x3, Marauder  
  85  18:25  Marine x2  
  97  18:30  SCV  
  97  18:31  Orbital Command  
  98  18:40  Marine  
  99  18:42  SCV  
  99  18:44  Marauder  
  101  19:04  Marine  
  101  19:05  Marine x4, Marauder  
  101  19:08  Terran Infantry Weapons Level 3, Terran Infantry Armor Level 3  
  107  19:27  Marauder  
  107  19:38  Siege Tank  
  107  19:39  Siege Tank  
  100  19:48  Marauder  
  101  19:55  Marine  
  102  20:09  Marauder  
  104  20:27  SCV  
  104  20:29  Medivac x2  
  104  20:31  Orbital Command  
  104  20:32  Marine  
  109  20:39  Supply Depot  
  109  20:40  Supply Depot  
  109  21:00  Marine x5, SCV  
  109  21:01  Marine, Marauder  
  109  21:02  Supply Depot  
  109  21:03  Supply Depot  
  118  21:18  Marine  
  118  21:19  Marine x2  
  118  21:21  Medivac x2  
  118  21:24  Marauder  
  127  21:36  SCV  
  128  21:46  Marauder  
  130  21:48  SCV  
  130  21:49  SCV  
  132  21:55  Refinery x2  
  132  21:56  Terran Vehicle Weapons Level 3  
  132  21:59  SCV  
  132  22:01  SCV x2  
  134  22:03  Missile Turret  
  134  22:06  Missile Turret  
  134  22:07  Marauder  
  137  22:13  SCV  
  138  22:19  Marine x3  
  133  22:23  Missile Turret  
  133  22:29  Marauder, Missile Turret  
  109  22:45  Missile Turret  
  109  22:51  SCV  
  108  22:52  Marine x2  
  108  22:53  Marauder  
  112  23:03  SCV  
  112  23:05  Siege Tank  
  116  23:08  Command Center  
  116  23:09  Supply Depot  
  116  23:10  Supply Depot  
  116  23:11  Supply Depot  
  116  23:12  Supply Depot  
  116  23:14  Marauder  
  118  23:23  SCV  
  116  23:28  Siege Tank  
  111  23:35  SCV  
  91  24:06  Marine x5, Marauder  
  91  24:07  Marine x2  
  91  24:08  SCV x2  
  102  24:17  Marine  
  102  24:22  Marine  
  104  24:28  Marauder  
  106  24:49  Marauder  
  106  24:52  Marine x2  
  100  25:09  Marine x2  
  100  25:10  Marine  
  100  25:11  Marauder, SCV  
  83  25:32  Marauder  
  79  25:40  Marine x3  
  79  25:41  Marine x3  
  85  25:51  Medivac x2  
  85  25:53  Marauder  
  91  26:15  Marauder  
  93  26:21  Medivac  
  95  26:32  Marine x2  
  97  26:36  Medivac, Marauder  
  68  26:50  Marine x2  
  68  26:51  Marine x3  
  68  26:52  Marine x2  
  77  26:57  Marauder  
  79  27:03  SCV  
Tags
 
Add a new tag
Caveats
  • Supply blocks, unpowered buildings, or Contaminate may cause inaccurate times.
  • Supply counts are checked every 10 seconds.